Map: White Rabbit LE

Players

Hardvision - Winner!

  • Race: Terran Terran
  • League: Master
  • Spawn Location: 7:00

Fjant

  • Race: Zerg Zerg
  • League: Master
  • Spawn Location: 1:00

VOD

Have the link to the VOD?

Description

Time

  • Played on: Nov. 12, 2025, 3:18 p.m.
  • Length: 15:22
Show
View Real Time Build Order
Export as new Build Order

Hardvision Terran - Winner!

Build Orders: Reaper Expand, Hellion Banshee, Mech 

Get SALT Encoding   

  12  0:02  SCV  
  13  0:14  SCV  
  14  0:17  Supply Depot  
  14  0:26  SCV  
  15  0:39  SCV  
  15  0:41  Barracks  
  16  0:46  Refinery  
  16  0:51  SCV  
  17  1:03  SCV  
  18  1:15  SCV  
  19  1:29  Orbital Command, Reaper  
  20  1:39  Command Center  
  20  1:45  Supply Depot  
  20  1:54  SCV  
  21  2:01  Marine  
  22  2:09  Factory, SCV  
  22  2:12  Refinery  
  23  2:21  SCV  
  24  2:24  Barracks Reactor  
  24  2:33  SCV  
  25  2:51  SCV  
  26  2:52  Orbital Command  
  26  2:56  Starport  
  26  3:07  Hellion x2  
  26  3:08  SCV  
  31  3:14  Barracks Tech Lab, Supply Depot  
  31  3:19  SCV  
  32  3:20  SCV  
  33  3:31  SCV  
  33  3:32  Hellion x2  
  33  3:33  SCV  
  38  3:43  SCV  
  38  3:45  SCV  
  38  3:47  Supply Depot  
  40  3:49  Cloaking Field, Banshee  
  40  3:53  Hellion x2  
  47  3:56  SCV  
  47  3:58  SCV  
  49  4:08  Command Center  
  49  4:16  SCV  
  50  4:22  SCV  
  49  4:26  Hellion  
  49  4:27  Hellion  
  49  4:28  SCV  
  49  4:29  Supply Depot  
  48  4:32  Banshee  
  51  4:41  SCV x2  
  51  4:45  Factory  
  53  4:47  Factory  
  53  4:48  Refinery  
  53  4:49  Refinery  
  53  4:53  SCV  
  53  4:55  SCV  
  53  4:57  Hellion  
  57  5:00  Supply Depot  
  57  5:05  SCV  
  58  5:07  SCV  
  59  5:18  SCV  
  60  5:24  SCV  
  62  5:32  Factory Tech Lab, Hellion x2  
  62  5:33  Factory Tech Lab, SCV  
  62  5:35  Orbital Command  
  66  5:41  SCV, Armory  
  67  5:44  Armory  
  67  5:52  SCV  
  67  5:53  Hellion  
  67  5:54  Hellion, SCV  
  67  5:56  Supply Depot  
  73  6:03  Hellion x2, Infernal Pre-Igniter  
  77  6:06  SCV  
  77  6:10  Orbital Command  
  78  6:15  SCV  
  79  6:19  SCV  
  79  6:20  Supply Depot x2  
  79  6:24  Factory x2  
  80  6:27  SCV  
  80  6:30  Supply Depot  
  80  6:32  Terran Vehicle Weapons Level 1, Terran Vehicle And Ship Armor Level 1  
  81  6:34  SCV  
  81  6:38  SCV  
  81  6:39  SCV  
  84  6:45  Hellion, Cyclone x2  
  84  6:46  SCV  
  87  6:50  SCV  
  87  6:51  SCV  
  87  6:52  Refinery x2  
  81  6:55  Mag-Field Accelerator  
  81  6:58  SCV  
  82  7:02  SCV  
  82  7:03  SCV  
  81  7:09  Factory Tech Lab, Factory Reactor  
  81  7:10  SCV  
  81  7:14  SCV  
  82  7:15  SCV  
  82  7:18  Hellion, Hyperflight Rotors, Cyclone x2  
  82  7:19  Hellion  
  82  7:22  SCV  
  94  7:24  Supply Depot  
  94  7:26  SCV  
  94  7:27  Command Center  
  94  7:28  SCV  
  99  7:30  Cyclone  
  99  7:34  SCV  
  100  7:38  SCV  
  100  7:39  Supply Depot  
  100  7:40  Engineering Bay, Hellion  
  103  7:45  Hellion x3  
  103  7:50  SCV, Cyclone  
  113  7:51  SCV  
  113  7:57  Siege Tank  
  117  8:01  Hellion  
  117  8:02  SCV x2, Siege Tank  
  117  8:03  SCV  
  125  8:07  Hellion  
  125  8:08  Hellion  
  129  8:15  SCV x3, Supply Depot  
  132  8:22  Supply Depot, Siege Tank  
  132  8:24  Supply Depot  
  133  8:27  SCV x3  
  133  8:30  Hellion, Siege Tank  
  133  8:31  Refinery  
  133  8:32  Banshee  
  131  8:34  Refinery  
  131  8:38  Hellion x2, Siege Tank  
  127  8:43  SCV x2  
  127  8:46  Planetary Fortress  
  118  8:56  Sensor Tower, Siege Tank  
  118  8:57  Hellion x2  
  118  9:00  SCV x2  
  118  9:02  Siege Tank  
  130  9:05  Supply Depot x2  
  132  9:10  Orbital Command, Hellion, Siege Tank  
  128  9:19  Hellion  
  111  9:26  Hellion  
  111  9:28  Siege Tank  
  111  9:31  SCV x2  
  106  9:34  Siege Tank  
  106  9:38  Hellion  
  108  9:42  Siege Tank  
  108  9:43  Refinery  
  111  9:47  Missile Turret  
  111  9:48  Terran Vehicle Weapons Level 2, Terran Vehicle And Ship Armor Level 2  
  111  9:52  SCV x2  
  113  9:53  SCV x2  
  115  10:00  Hellion  
  115  10:01  Hellion x3  
  115  10:04  SCV  
  115  10:05  SCV x3  
  127  10:07  Siege Tank  
  127  10:08  Siege Tank  
  133  10:14  Hellion  
  133  10:17  SCV x2  
  137  10:23  SCV x2  
  139  10:29  SCV x2, Hellion  
  139  10:30  Hellion x2  
  139  10:32  Missile Turret  
  147  10:35  SCV  
  147  10:40  Thor x2  
  147  10:41  Hellion x2  
  164  10:44  Smart Servos  
  164  10:51  Hellion x2  
  164  10:55  Command Center  
  160  11:07  Factory  
  160  11:09  Factory  
  160  11:11  Factory  
  160  11:13  Thor  
  160  11:14  Hellion x2  
  160  11:15  Command Center, Raven  
  160  11:16  Command Center  
  172  11:28  Thor  
  172  11:29  Thor  
  184  11:37  Sensor Tower  
  184  11:39  Command Center  
  186  11:40  Hellion x2  
  186  11:46  Missile Turret x2  
  188  11:49  Missile Turret  
  173  11:56  Siege Tank  
  173  11:57  Factory Tech Lab  
  173  11:58  Factory Tech Lab, Factory Reactor  
  173  12:00  Banshee  
  171  12:10  Hellion x2  
  171  12:11  Siege Tank  
  176  12:17  Terran Vehicle Weapons Level 3, Terran Vehicle And Ship Armor Level 3  
  176  12:23  Missile Turret  
  176  12:25  Missile Turret x2  
  174  12:40  SCV x3  
  174  12:43  Orbital Command  
  174  12:44  Orbital Command  
  177  12:50  Banshee  
  180  12:52  Siege Tank x3  
  189  13:09  Siege Tank x2  
  189  13:10  Hellion  
  198  13:12  SCV  
  198  13:18  Orbital Command  
  188  13:27  Hellion, Siege Tank  
  188  13:28  Hellion, Siege Tank x2  
  192  13:40  Hellion x2  
  193  13:41  Siege Tank  
  191  13:53  SCV x6  
  197  14:04  Siege Tank  
  194  14:19  Hellion, Missile Turret, Siege Tank  
  199  14:29  Siege Tank  
  199  14:30  Refinery  
  199  14:43  Refinery  
  199  14:48  Siege Tank  
  178  15:17  Command Center  
Show
View Real Time Build Order
Export as new Build Order

Fjant Zerg 

Build Orders: Hatch First 

Get SALT Encoding   

  12  0:00  Drone  
  13  0:11  Drone  
  14  0:14  Extractor  
  14  0:15  Drone  
  15  0:22  Overlord  
  15  0:41  Drone  
  16  0:46  Hatchery  
  16  0:49  Drone  
  16  0:52  Drone  
  16  0:56  Drone  
  18  1:06  Extractor  
  17  1:11  Spawning Pool  
  17  1:16  Drone  
  17  1:19  Drone  
  18  1:27  Drone  
  19  1:38  Drone  
  20  1:49  Drone  
  21  1:58  Queen x2  
  21  1:59  Zergling x4  
  27  2:08  Drone  
  27  2:09  Overlord  
  28  2:22  Hatchery  
  27  2:24  Drone  
  28  2:34  Drone  
  28  2:39  Overlord, Drone  
  28  2:42  Drone x2  
  31  2:45  Metabolic Boost  
  31  2:51  Queen  
  31  2:54  Drone  
  34  2:59  Drone  
  34  3:05  Drone x2  
  37  3:09  Drone x3  
  40  3:15  Queen  
  40  3:17  Drone  
  43  3:29  Overlord  
  43  3:31  Overlord  
  43  3:36  Spore Crawler  
  43  3:41  Overlord  
  43  3:42  Drone x2  
  43  3:46  Overlord  
  45  3:52  Drone  
  46  3:56  Drone  
  46  4:00  Zergling x4  
  46  4:01  Queen x2  
  53  4:03  Drone x3  
  53  4:07  Drone x2  
  58  4:11  Zergling x2  
  58  4:23  Drone x7  
  62  4:27  Drone  
  62  4:29  Queen  
  65  4:31  Drone x2  
  65  4:37  Drone x2  
  69  4:43  Zergling x2  
  70  4:47  Queen  
  70  4:49  Overlord, Drone  
  73  4:54  Overlord  
  73  4:58  Lair  
  73  4:59  Overlord x2  
  73  5:00  Zergling x2  
  74  5:08  Extractor  
  74  5:09  Extractor  
  74  5:11  Zergling x10  
  74  5:13  Drone x2  
  78  5:16  Drone x2  
  78  5:18  Baneling Nest, Spore Crawler  
  78  5:19  Spore Crawler x2  
  76  5:23  Zergling x2  
  76  5:24  Zergling x4  
  75  5:32  Drone x3  
  75  5:33  Hatchery  
  74  5:41  Drone x5  
  77  5:43  Drone  
  77  5:45  Overlord  
  78  5:52  Drone  
  78  5:56  Overlord  
  79  6:00  Drone  
  79  6:03  Overseer x2, Drone  
  81  6:05  Drone x4  
  81  6:07  Overlord  
  81  6:08  Drone  
  81  6:10  Overlord  
  85  6:15  Centrifugal Hooks  
  85  6:18  Evolution Chamber  
  84  6:20  Evolution Chamber  
  84  6:23  Roach Warren  
  84  6:24  Drone x2  
  84  6:25  Drone  
  85  6:30  Zergling x6  
  86  6:47  Drone x2  
  86  6:48  Drone x11  
  86  6:53  Zerg Ground Armor Level 1, Zerg Melee Weapons Level 1  
  94  6:54  Drone  
  94  6:56  Drone  
  94  7:00  Drone  
  94  7:01  Drone  
  98  7:02  Drone  
  98  7:03  Glial Reconstitution  
  98  7:10  Drone x7  
  98  7:14  Overlord  
  105  7:19  Overlord  
  105  7:23  Overlord  
  105  7:24  Roach x5  
  105  7:26  Roach x2  
  118  7:31  Extractor  
  118  7:35  Roach x6  
  129  7:41  Extractor  
  129  7:42  Extractor  
  127  7:51  Roach x9  
  145  7:56  Roach x2  
  147  8:01  Zergling x10  
  152  8:07  Pneumatized Carapace  
  152  8:08  Zergling x8  
  156  8:14  Roach x2  
  156  8:15  Overlord  
  160  8:24  Overlord, Hatchery  
  158  8:28  Roach  
  158  8:32  Overlord  
  157  8:34  Roach x5  
  157  8:39  Roach x3  
  166  8:45  Roach x3  
  169  8:51  Overlord  
  169  8:52  Queen x2  
  169  8:54  Zergling x14  
  180  8:56  Overlord  
  180  8:59  Baneling x8  
  180  9:00  Baneling  
  180  9:01  Zergling x6  
  180  9:02  Hatchery  
  182  9:03  Ravager, Overlord, Hatchery  
  182  9:04  Overlord  
  182  9:05  Ravager  
  166  9:18  Zergling x12  
  139  9:26  Drone x9  
  139  9:28  Roach x3  
  139  9:30  Roach  
  135  9:34  Roach x3  
  135  9:35  Roach  
  128  9:39  Roach x2  
  132  9:48  Zerg Melee Weapons Level 2  
  132  9:49  Zerg Missile Weapons Level 1  
  132  9:53  Infestation Pit, Spore Crawler  
  132  9:54  Extractor, Drone x3  
  132  9:55  Extractor, Drone x3  
  132  9:56  Roach x5  
  144  10:02  Roach x3  
  150  10:08  Roach x2  
  150  10:09  Spore Crawler  
  150  10:10  Drone  
  150  10:12  Roach x3  
  160  10:15  Drone  
  160  10:16  Drone x3  
  160  10:19  Spire  
  163  10:22  Roach x4  
  163  10:27  Drone  
  172  10:30  Roach x2  
  172  10:34  Drone x2  
  175  10:37  Hatchery  
  175  10:40  Burrow  
  175  10:42  Zergling x14  
  178  10:44  Zergling x12  
  178  10:56  Drone x2  
  178  10:59  Drone x2  
  178  11:00  Drone x2  
  181  11:08  Hive  
  181  11:15  Spore Crawler  
  181  11:16  Ravager x2  
  181  11:18  Baneling x10  
  182  11:21  Baneling x8  
  182  11:23  Extractor, Drone x3  
  182  11:24  Drone x4  
  182  11:25  Drone x2  
  190  11:28  Drone  
  190  11:31  Neural Parasite  
  191  11:35  Drone x3  
  191  11:37  Spine Crawler x3  
  191  11:41  Drone x2  
  192  11:52  Zergling x28  
  193  11:54  Zergling x12  
  193  11:57  Zergling x6  
  195  12:04  Zergling x12  
  182  12:21  Greater Spire  
  175  12:27  Extractor, Drone  
  175  12:28  Drone x2  
  175  12:29  Infestor x6  
  175  12:32  Infestor x2  
  175  12:34  Extractor  
  175  12:35  Extractor, Zergling x14  
  175  12:36  Zergling x4  
  190  12:37  Roach x3  
  190  12:41  Zerg Missile Weapons Level 2  
  190  12:42  Zerg Melee Weapons Level 3  
  190  12:43  Adrenal Glands  
  196  12:45  Hatchery  
  195  12:58  Spine Crawler  
  195  13:00  Spine Crawler  
  195  13:02  Spine Crawler, Corruptor x4  
  200  13:05  Baneling x3  
  200  13:06  Baneling x6  
  200  13:19  Drone  
  197  13:21  Hatchery  
  197  13:26  Roach x4  
  174  13:42  Roach x4  
  174  13:45  Zergling x22  
  188  13:49  Roach x2  
  188  13:51  Ravager x3  
  188  13:52  Ravager  
  188  13:53  Ravager x2  
  199  13:55  Zergling x2  
  199  14:05  Baneling x2  
  182  14:17  Roach x7  
  182  14:18  Zergling x12  
  200  14:44  Zergling x2  
  200  14:45  Zergling x12  
  200  14:48  Overseer  
  200  14:50  Zergling x8  
  200  14:51  Corruptor x4, Zergling x14  
  146  15:02  Zergling x32  
Tags
 
Add a new tag
Caveats
  • Supply blocks, unpowered buildings, or Contaminate may cause inaccurate times.
  • Supply counts are checked every 10 seconds.